 Dungeon Crawl Stone Soup version 0.14-a0-1378-gf8e6a88 (webtiles) character file.

115 M4edhros the Sneak (level 4, -3/28 HPs)
             Began as an Octopode Artificer on Dec 8, 2013.
             Slain by a gnoll
             ... wielding a +0,+0 whip
              (4 damage)
             ... on Level 4 of the Dungeon.
             The game lasted 00:02:47 (1686 turns).

M4edhros the Sneak (Octopode Artificer)             Turns: 1686, Time: 00:02:47

HP  -3/28        AC  1     Str 10      XL: 4   Next: 30%
MP   6/6         EV  9     Int 15      God:
Gold 41          SH 14     Dex 12      Spells:  0 memorised,  3 levels left

rFire  . . .     SeeInvis .     a - +0 short sword
rCold  . . .     Clarity  .     e - +1 shield
rNeg   . . .     Conserve .     (helmet restricted)
rPois  .         rCorr    .     (no amulet)
rElec  .         rRot     .     (no ring)
SustAb . .       Spirit   .     (no ring)
rMut   .         Warding  .     (no ring)
Saprov . . .     Stasis   .     (no ring)
                                (no ring)
                                (no ring)
                                (no ring)
                                (no ring)

@: slightly resistant to hostile enchantments, very stealthy
A: almost no armour, amphibious, 8 rings, constrict 8, camouflage 1, gelatinous
body 1
a: no special abilities


You were on level 4 of the Dungeon.
You were hungry.

You visited 1 branch of the dungeon, and saw 4 of its levels.

You collected 41 gold pieces.

Inventory:

Hand weapons
 a - a +0,+0 short sword (weapon)
 l - a +0,+2 orcish falchion of holy wrath
Armour
 e - a +1 shield (worn)
Magical devices
 b - a wand of flame (9)
 c - a wand of enslavement (12)
 d - a wand of random effects (11)
Comestibles
 f - a bread ration
 m - a meat ration
 o - a snozzcumber
Scrolls
 g - a scroll of enchant weapon I {unknown}
 j - a scroll of remove curse {unknown}
 k - 5 scrolls of identify {unknown}
 n - a scroll of curse weapon {unknown}
Potions
 h - 2 potions of heal wounds {unknown}
 i - a potion of curing {unknown}


   Skills:
 - Level 1.0 Fighting
 + Level 2.3 Short Blades
 - Level 2.0 Dodging
 * Level 4.8 Stealth
 - Level 3.2 Evocations


You had 3 spell levels left.
You didn't know any spells.

Dungeon Overview and Level Annotations

Branches:
Dungeon (4/16)
 Temple: D:4-7

Altars:


Innate Abilities, Weirdness & Mutations

You cannot wear most types of armour.
You are amphibious.
You can wear up to eight rings at the same time.
You can use your tentacles to constrict many enemies at once.
Your skin changes colour to match your surroundings (Stlth).
Your rubbery body absorbs attacks (AC +1).


Message History

The gnoll drops an uncursed hand axe.
The gnoll picks up a halberd.
The gnoll wields a halberd.
The ball python disappears!
Evoke which item? (* to show all) (? for menu, Esc to quit)
Zapping:
d - a wand of random effects (12)
Press: ? - help, Shift-Dir - straight line, f - gnoll
Aim: a gnoll, wielding a halberd You hear a mighty clap of thunder!
The bolt of lightning hits the gnoll.
The gnoll is almost dead.
The bolt of lightning hits the gnoll.
The gnoll is almost dead.
The bolt of lightning hits the gnoll.
You kill the gnoll!
The bolt of lightning hits the giant cockroach.
You kill the giant cockroach!
This wand has 11 charges left.
You hear a shout!
The gnoll hits you with a whip.
You die...

#.....# ######.##.##.#.#
##...#####..............#
##.#.......###..#.##.###
####.#.####..###..#.##.#
......#.####..#.........#
#.......#.%#.#..#.##.#
#.##.##...........##.# #.
#.####............# #.
#..(...@...########
########g..# #g..# #.).#
#..... #.).### .....
....... .....?.


You could see 2 gnolls.

Vanquished Creatures
  An orc wizard (D:3)
  A gnoll (D:4)
  An adder (D:2)
  A giant gecko (D:3)
  2 oozes
  3 orcs
  2 bats (D:1)
  2 giant cockroaches
  A goblin (D:1)
  A kobold (D:1)
  A quokka (D:2)
  A ball python (D:1)
  4 giant newts
  4 rats
25 creatures vanquished.

Vanquished Creatures (collateral kills)
  An orc (D:4)
1 creature vanquished.

Grand Total: 26 creatures vanquished

Notes
Turn   | Place    | Note
--------------------------------------------------------------
     0 | D:1      | M4edhros, the Octopode Artificer, began the quest for the Orb.
     0 | D:1      | Reached XP level 1. HP: 13/13 MP: 1/1
   595 | D:1      | Reached XP level 2. HP: 18/18 MP: 3/3
   759 | D:2      | Reached XP level 3. HP: 10/23 MP: 4/4
   880 | D:3      | Reached skill level 4 in Stealth
  1186 | D:3      | Reached XP level 4. HP: 24/28 MP: 6/6
  1683 | D:4      | HP: 1/28 [gnoll/whip (7)]
  1686 | D:4      | Slain by a gnoll

Action                   |  1- 3 |  4- 6 || total
-------------------------+-------+-------++-------
Melee: Short sword       |    35 |     8 ||    43
Evoke: Wand              |     7 |     6 ||    13
 Stab: Sleeping          |     2 |     1 ||     3
